 Dungeon Crawl Stone Soup version 0.18.1-5-g4a78601 (webtiles) character file.

47 jacquesderrida the Poker (level 3, -2/18 HPs)
             Began as a Vine Stalker Skald on May 10, 2016.
             Slain by an orc
             ... wielding a +0 flail
              (4 damage)
             ... on level 4 of the Dungeon.
             The game lasted 00:03:18 (683 turns).

jacquesderrida the Poker (Vine Stalker Skald)        Turns: 683, Time: 00:03:19

Health: -2/18      AC:  4    Str: 19    XL:     3   Next: 70%
Magic:  0/7        EV: 11    Int: 13    God:
Gold:   100        SH:  0    Dex: 13    Spells: 2 memorised, 2 levels left

rFire  . . .     SeeInvis .     a - +0 spear
rCold  . . .     Gourm    .     b - +0 leather armour
rNeg   . . .     Faith    .     (no shield)
rPois  .         Spirit   +     (no helmet)
rElec  .         Dismiss  .     (no cloak)
rCorr  .         Reflect  .     (no gloves)
SustAt .         Harm     .     h - +0 pair of boots {run}
MR     .....                    (no amulet)
Stlth  +.........               (no ring)
                                (no ring)

@: mighty, quick, not resistant to hostile enchantments, very unstealthy
A: fangs 2, regeneration 1, magic shield, antimagic bite, no device heal 3, rot
immunity
a: no special abilities


You were on level 4 of the Dungeon.
You were not hungry.

You visited 1 branch of the dungeon, and saw 4 of its levels.

You collected 100 gold pieces.

Inventory:

Hand Weapons
 a - a +0 spear (weapon)
Armour
 b - a +0 leather armour (worn)
 h - a +0 pair of boots of running (worn)
Scrolls
 e - 4 scrolls of identify
 g - a scroll of recharging {unknown}
 i - a scroll of remove curse {unknown}
 j - a scroll of enchant armour {unknown}
 k - a scroll of enchant weapon {unknown}
Potions
 l - a potion of curing {unknown}
Books
 c - a book of Battle

   Spells                             Type                      Level
   a - Infusion                       Charms                       1
   b - Shroud of Golubria             Charms/Translocation         2
   c - Song of Slaying                Charms                       2
   d - Spectral Weapon                Hexes/Charms                 3
   e - Regeneration                   Charms/Necromancy            3
Comestibles
 d - 3 bread rations


   Skills:
 - Level 1.7 Fighting
 + Level 3.5 Polearms
 - Level 0.7 Armour
 - Level 0.7 Dodging
 - Level 2.1 Spellcasting
 + Level 0.2 Hexes
 - Level 3.0 Charms


You had 2 spell levels left.
You knew the following spells:

 Your Spells              Type           Power        Failure   Level  Hunger
a - Infusion              Chrm           #...         10%         1    ##.....
b - Spectral Weapon       Hex/Chrm       #.......     50%         3    ####...


Dungeon Overview and Level Annotations

Branches:
Dungeon (4/15)
 Temple: D:4-7

Altars:
Fedhas


Innate Abilities, Weirdness & Mutations

You have extremely sharp teeth.
Your natural rate of healing is unusually fast.
When hurt, damage is shared between your health and your magic reserves.
Your bite disrupts and absorbs the magic of your enemies.
Potions and wands cannot restore your health.
You are immune to rotting.


Message History

f - a potion of might The ball python bites you but does no damage.
The ball python constricts you. The orc hits you with a hand axe.
* * * LOW HITPOINT WARNING * * *
The orc closely misses you.
Unknown command.
Drink which item? (? for menu, Esc to quit)
You feel very mighty all of a sudden. The ball python bites you.
* * * LOW HITPOINT WARNING * * *
The ball python constricts you. The orc hits you but does no damage.
Unknown command.
You puncture the ball python!
You kill the ball python!
The orc hits you but does no damage. x2
Unknown command.
You puncture the orc priest! Your bite misses the orc priest.
The orc priest is almost dead.
The orc priest completely misses you. The orc hits you with a flail.
You die...

..........#
..........##8...
####+##...##.... #
#.......#8.$.) #
#.......##....
#.......##8...
###.......# ##_# #######
..........#########.....#
.#####.###......@o......#
.........+......oo......#
.#########..............#
.# ##+#######.....# .#
#.....# .# ####..... .#
#....... .# #....... ##
........


You could see an orc priest and 2 orcs.

Vanquished Creatures
  2 adders (D:2)
  A worm (D:2)
  An orc (D:3)
  2 giant cockroaches
  3 goblins
  6 hobgoblins
  A ball python (D:4)
  3 bats
  A giant newt (D:3)
  3 kobolds (D:2)
  A rat (D:1)
24 creatures vanquished.

Notes
Turn   | Place    | Note
--------------------------------------------------------------
     0 | D:1      | jacquesderrida the Vine Stalker Skald began the quest for the Orb.
     0 | D:1      | Reached XP level 1. HP: 11/11 MP: 4/4
   153 | D:2      | Reached XP level 2. HP: 8/15 MP: 3/6
   172 | D:2      | Identified a +0 pair of boots of running (You found it on level 2 of the Dungeon)
   231 | D:2      | Reached XP level 3. HP: 11/18 MP: 5/7
   492 | D:3      | Learned a level 3 spell: Spectral Weapon
   672 | D:3      | You fall through a shaft!
   673 | D:4      | Found a blossoming altar of Fedhas.
   683 | D:4      | Slain by an orc

Skill      XL: |  1  2 |
---------------+-------+-----
Polearms       | 2 3 |  3.5
Fighting       | |  1.7
Armour         | |  0.7
Dodging        | |  0.7
Spellcasting   | |  2.1
Hexes          | |  0.2
Charms         | |  3.0

Action                   || total
-------------------------++-------
Melee: Spear             ||    91
       Bite              ||    11
  Use: Scroll            ||     1
       Potion            ||     1
 Stab: Sleeping          ||     1
Armor: Leather armour    ||    24
Dodge: Dodged            ||    38
